 Dungeon Crawl Stone Soup version 0.23.0 (webtiles) character file.

Game seed: 2437250972648538336

8922 Paps the Slicer (level 11, -14/72 (74) HPs)
             Began as a Demonspawn Assassin on Feb 17, 2019.
             Was a Believer of Hepliaklqana.
             Killed from afar by Maurice (20 damage)
             ... with a wand of acid (1)
             ... on level 10 of the Dungeon.
             The game lasted 00:25:47 (9262 turns).

Paps the Slicer (Demonspawn Assassin)               Turns: 9262, Time: 00:25:49

HP:   -14/72 (74)   AC:  7    Str: 17    XL:     11   Next: 16%
MP:   17/17         EV: 21    Int: 12    God:    Hepliaklqana [**....]
Gold: 484           SH: 10    Dex: 23    Spells: 16/19 levels left

rFire    + . .     SeeInvis .   a - +6 short sword (protect)
rCold    + . .     Gourm    .   q - +0 shield
rNeg     . . .     Faith    .   l - +1 troll leather armour {Purgy}
rPois    .         Spirit   .   w - +2 helmet
rElec    .         Reflect  .   v - scarf {rC+ rF+}
rCorr    .         Harm     .   (gloves unavailable)
MR       .....                  O - +0 pair of boots
Stlth    ++++......             (no amulet)
HPRegen  0.62/turn              L - +1 ring of evasion
MPRegen  0.15/turn              C - ring of attention (curse)

@: mighty, agile, corroded
A: reduced essence, claws 3, yellow scales 1, powered by pain 1
a: Recall Ancestor, Ancestor Identity, Renounce Religion


You were on level 10 of the Dungeon.
You worshipped Hepliaklqana.
Hepliaklqana was pleased with you.
You were not hungry.

You visited 2 branches of the dungeon, and saw 12 of its levels.

You collected 484 gold pieces.

Inventory:

Hand Weapons
 a - a +6 short sword of protection (weapon)
 b - a +0 blowgun
 I - a cursed -1 short sword
Missiles
 e - 61 poisoned needles
 f - 2 curare-tipped needles
Armour
 l - a +1 troll leather armour (worn) {Purgy}
 n - a +2 robe of cold resistance
 q - a +0 shield (worn)
 v - a scarf of resistance (worn)
 w - a +2 helmet (worn)
 A - a +2 robe of magic resistance
 O - a +0 pair of boots (worn)
Jewellery
 i - an uncursed ring of flight
 j - an uncursed ring of protection from cold
 m - an uncursed ring of protection from fire
 C - a cursed ring of attention (right claw)
 K - an uncursed ring of ice
 L - a +1 ring of evasion (left claw)
Wands
 u - a wand of random effects (33)
 y - a wand of flame (46)
 D - a wand of clouds (16)
 F - a wand of paralysis (12)
Scrolls
 d - a scroll of fear
 h - 5 scrolls of identify
 k - 5 scrolls of magic mapping
 t - 2 scrolls of immolation
 x - 4 scrolls of teleportation
 J - a scroll of vulnerability
 M - a scroll of fog
Potions
 c - a potion of agility
 o - a potion of resistance
 p - 2 potions of lignification
 r - a potion of flight
 s - a potion of heal wounds
 z - 2 potions of curing
 B - 2 potions of might
 E - 3 potions of ambrosia
 H - a potion of brilliance
Comestibles
 g - 17 rations


   Skills:
 + Level 6.4 Fighting
 + Level 8.8 Short Blades
 + Level 1.7 Throwing
 + Level 3.5 Armour
 + Level 6.5 Dodging
 + Level 7.0 Stealth
 + Level 3.9 Shields
 * Level 4.5 Spellcasting
 * Level 5.1 Hexes


You had 16 spell levels left.
You knew the following spells:

 Your Spells              Type           Power        Failure   Level  Hunger
a - Confuse               Hex            ###.....     36%         3    ###....

Your spell library contained the following spells:

 Spells                   Type           Power        Failure   Level  Hunger
 Confusing Touch          Hex            ###...       13%         1    None
 Corona                   Hex            ###....      13%         1    None
 Slow                     Hex            ###.....     19%         2    ##.....
 Shock                    Conj/Air       #...         71%         1    None
 Inner Flame              Hex/Fire       #.......     73%         3    ###....
 Portal Projectile        Hex/Tloc       #.....       73%         3    ###....
 Cause Fear               Hex            ###.......   77%         4    ####...
 Gell's Gravitas          Tloc           #.........   97%         3    ###....
 Leda's Liquefaction      Hex/Erth       #.........   98%         4    ####...
 Animate Dead             Necr           N/A          100%        4    ####...
 Petrify                  Tmut/Erth      #.......     100%        4    ####...
 Bolt of Draining         Conj/Necr      #.........   100%        5    ######.
 Lightning Bolt           Conj/Air       #.........   100%        5    ######.
 Metabolic Englaciation   Hex/Ice        #.........   100%        5    ######.
 Silence                  Hex/Air        #.........   100%        5    ######.
 Yara's Violent Unravell  Hex/Tmut       #.........   100%        5    ######.


Dungeon Overview and Level Annotations

Branches:
Dungeon (11/15)            Temple (1/1) D:5             Orc (0/2) D:9
   Lair: D:8-11

Altars:
Ashenzari
Fedhas
Hepliaklqana
Kikubaaqudgha
Nemelex Xobeh
Okawaru
Qazlal
Uskayaw
Vehumet
Wu Jian
The Shining One

Annotations:
D:3 exclusion: oklob plant
D:10 Joseph, Maurice


Innate Abilities, Weirdness & Mutations

You have claws for hands.
You are partially covered in yellow scales. (AC +2)
You sometimes gain a little power by taking damage.
Your life essence is reduced to manifest your ancestor. (-10% HP)


Message History

Publius hits something but does no damage.
You hear a zap.
A bolt of acid appears from out of thin air!
The bolt of acid hits Publius!!
Publius is splashed with acid.
The acid corrodes Publius!
The bolt of acid hits you!
* * * LOW HITPOINT WARNING * * *
You focus on the pain.
You feel agile all of a sudden. The acid corrodes you!
You are splashed with acid!
* * * LOW HITPOINT WARNING * * *
You focus on the pain.
You feel very mighty all of a sudden.
Publius casts a spell at something.
You hear a zap.
A bolt of acid appears from out of thin air!
The bolt of acid hits Publius!
Publius is splashed with acid.
The acid corrodes Publius!
Publius is destroyed!
The bolt of acid hits you!!
You die...

####.#.###.##...##.# #####
#.........#######.# ...#
#.###.###.........# ..##
#.###.# #.# #.######..# ...##
#.....###.# #.# ##...# ....
#..#....#.# #.# #....# ...
####..#.##.#.# #.#####...# ..
##.##.R.....#.# #.##.###..#
.###...#..#.#..#@# #.#...###.#
..#......(#....#># #......#..#
..........####.#(###.........#
##......R#...#.....##..#.##..#
######..#.#.###)#.#...#.##.##
#....# # #...#......(..#
#.ยง.#### ######.##.###.#
#.### #.........# #.# #.
#.####.#### #.#


There were no monsters in sight!

Vanquished Creatures
  Fannar (D:10)
  Pikel (D:5)
  An ugly thing (D:9)
  2 trolls
  Grinder (D:3)
  2 hippogriffs
  Sigmund (D:3)
  4 hogs (D:7)
  7 humans
  2 hungry ghosts
  Purgy (D:2)
  A phantom (D:4)
  3 sky beasts
  2 orc warriors (D:7)
  2 ice beasts
  2 slaves (D:5)
  4 ogres
  4 necrophages (D:9)
  A centaur (D:6)
  A big kobold (D:8)
  Blork the orc (D:3)
  2 bullfrogs
  A wyvern zombie (D:10)
  2 scorpions
  2 wights (D:9)
  8 killer bees
  A howler monkey (D:9)
  A crimson imp (D:9)
  2 centaur zombies
  A quasit (D:7)
  A bullfrog zombie (D:10)
  2 hounds
  2 orc priests
  A gnoll shaman (D:5)
  2 jellies (D:9)
  7 orc wizards
  A bullfrog skeleton (D:9)
  An iguana (D:5)
  4 worker ants
  Natasha (thrice) (D:2)
  A hound zombie (D:5)
  Robin (D:3)
  A worker ant zombie (D:9)
  A howler monkey skeleton (D:4)
  7 gnolls
  4 adders
  An ooze (D:1)
  An adder skeleton (D:4)
  An adder zombie (D:9)
  2 worms (D:4)
  A dart slug (D:3)
  2 leopard geckos
  24 orcs
  6 ball pythons
  3 giant cockroaches
  15 goblins
  9 hobgoblins
  6 jackals
  2 quokkas
  7 bats
  6 frilled lizards
  11 kobolds
  2 leopard gecko skeletons
  A leopard gecko zombie (D:7)
  2 quokka skeletons
  2 quokka zombies
  7 rats
214 creatures vanquished.

Vanquished Creatures (collateral kills)
  A water moccasin (D:7)
  A slave (D:5)
  An orc warrior (D:9)
  A wyvern zombie (D:9)
  A gnoll sergeant (D:9)
  A scorpion (D:9)
  3 wights (D:9)
  2 killer bees
  2 howler monkeys (D:7)
  A jelly (D:5)
  An orc wizard (D:5)
  An orc priest (D:7)
  Crazy Yiuf (D:5)
  An iguana (D:7)
  A worker ant (D:6)
  A hound skeleton (D:7)
  A hound zombie (D:6)
  A howler monkey zombie (D:9)
  A gnoll (D:6)
  2 orcs (D:6)
  A goblin (D:6)
26 creatures vanquished.

Vanquished Creatures (others)
  2 hexers
  2 ancestors (D:7)
  An orc (D:5)
5 creatures vanquished.

Grand Total: 245 creatures vanquished

Notes
Turn   | Place    | Note
-------+----------+-------------------------------------------
     0 | D:1      | Paps the Demonspawn Assassin began the quest for the Orb.
     0 | D:1      | Reached XP level 1. HP: 16/16 MP: 1/1
   145 | D:1      | Gained mutation: You are partially covered in yellow
                  | scales. (AC +2) [demonic ancestry]
   145 | D:1      | Reached XP level 2. HP: 22/22 MP: 2/2
   426 | D:1      | Reached skill level 2 in Short Blades
   777 | D:2      | Noticed Natasha
   794 | D:1      | Gained mutation: You have sharp fingernails. [demonic
                  | ancestry]
   794 | D:1      | Reached XP level 3. HP: 23/27 MP: 3/3
  1071 | D:2      | Killed Natasha
  1071 | D:2      | Reached skill level 1 in Dodging
  1266 | D:2      | Reached XP level 4. HP: 27/33 MP: 4/4
  1380 | D:2      | Noticed Natasha
  1399 | D:2      | Killed Natasha
  1600 | D:2      | Found a sparkling altar of Nemelex Xobeh.
  1777 | D:2      | Noticed Natasha
  1792 | D:2      | Killed Natasha
  1792 | D:2      | Reached skill level 5 in Stealth
  1963 | D:3      | Gained mutation: You sometimes gain a little power by
                  | taking damage. [demonic ancestry]
  1963 | D:3      | Reached XP level 5. HP: 38/38 MP: 5/5
  2017 | D:3      | Noticed Sigmund
  2056 | D:3      | Killed Sigmund
  2056 | D:3      | Reached skill level 3 in Short Blades
  2056 | D:3      | Gained mutation: You have very sharp fingernails. [demonic
                  | ancestry]
  2056 | D:3      | Reached XP level 6. HP: 46/46 MP: 6/6
  2087 | D:3      | Found a blossoming altar of Fedhas.
  2109 | D:3      | Noticed an oklob plant
  2238 | D:3      | Noticed Purgy
  2245 | D:3      | Noticed Robin
  2287 | D:2      | Killed Purgy
  2528 | D:3      | Noticed Grinder
  2548 | D:3      | Killed Grinder
  2548 | D:3      | Reached skill level 4 in Short Blades
  2548 | D:3      | Reached XP level 7. HP: 30/52 MP: 7/7
  2849 | D:3      | Killed Robin
  3315 | D:4      | Reached skill level 5 in Short Blades
  3439 | D:4      | Found an ancient bone altar of Kikubaaqudgha.
  3499 | D:4      | Noticed Blork the orc
  3523 | D:3      | Killed Blork the orc
  3523 | D:3      | Reached skill level 1 in Armour
  3685 | D:5      | Entered Level 5 of the Dungeon
  3688 | D:5      | Found a hide-covered altar of Uskayaw.
  4047 | D:5      | Reached XP level 8. HP: 57/59 MP: 8/8
  4098 | D:5      | Found a staircase to the Ecumenical Temple.
  4103 | Temple   | Entered the Ecumenical Temple
  4116 | Temple   | Became a worshipper of Hepliaklqana the Forgotten
  4361 | D:5      | Noticed Pikel
  4440 | D:5      | Killed Pikel
  4440 | D:5      | Reached skill level 6 in Short Blades
  4642 | D:5      | Found a runed translucent door.
  4643 | D:5      | Noticed Crazy Yiuf
  4653 | D:5      | Killed Crazy Yiuf
  4800 | D:6      | Reached * piety under Hepliaklqana
  4962 | D:6      | Learned a level 3 spell: Confuse
  5278 | D:6      | Reached XP level 9. HP: 60/60 MP: 10/10
  5295 | D:6      | Reached skill level 1 in Spellcasting
  5295 | D:6      | Reached skill level 1 in Hexes
  5440 | D:6      | Found an iron altar of Okawaru.
  5595 | D:7      | Reached skill level 5 in Fighting
  5747 | D:7      | Reached skill level 1 in Shields
  5779 | D:7      | Reached skill level 7 in Short Blades
  5977 | D:7      | Reached skill level 5 in Dodging
  6572 | D:7      | Gained mutation: You have claws for hands. [demonic
                  | ancestry]
  6572 | D:7      | Reached XP level 10. HP: 44/66 MP: 14/14
  6998 | D:8      | Reached ** piety under Hepliaklqana
  6999 | D:8      | Remembered your ancestor Publius as a hexer
  7484 | D:8      | Identified the Collected Works on Ghastly Weightlessness
  7549 | D:9      | Noticed a green ugly thing
  7563 | D:9      | Killed a green ugly thing
  7799 | D:9      | Reached skill level 8 in Short Blades
  7968 | D:9      | Found a shattered altar of Ashenzari.
  8073 | D:9      | Found a staircase to the Orcish Mines.
  8427 | D:9      | Found a glowing golden altar of the Shining One.
  8838 | D:10     | Entered Level 10 of the Dungeon
  8838 | D:10     | Noticed Fannar
  8845 | D:10     | Reached XP level 11. HP: 70/70 MP: 17/17
  8868 | D:10     | Killed Fannar
  8868 | D:10     | Reached skill level 5 in Hexes
  9106 | D:10     | Noticed Maurice
  9106 | D:10     | Noticed Joseph
  9262 | D:10     | Killed from afar by Maurice

Skill      XL: |  1  2  3  4  5  6  7  8  9 10 11 |
---------------+----------------------------------+-----
Stealth        | 4 5 6 7 |  7.0
Short Blades   | 2 3 4 5 6 7 8 |  8.8
Dodging        | 1 2 3 4 5 6 |  6.5
Fighting       | 3 4 5 6 |  6.4
Armour         | 1 2 3 |  3.5
Spellcasting   | 3 4 |  4.5
Hexes          | 3 4 5 |  5.1
Shields        | 2 3 |  3.9
Throwing       | |  1.7

Action                   |  1- 3 |  4- 6 |  7- 9 | 10-12 || total
-------------------------+-------+-------+-------+-------++-------
Melee: Short sword       |   118 |   141 |   603 |   391 ||  1253
       Dagger            |     2 |       |       |       ||     2
Invok: Ancestor Life: He |       |       |       |     1 ||     1
  Use: Potion            |     3 |     2 |       |       ||     5
       Scroll            |       |    11 |     1 |    12 ||    24
 Stab: Sleeping          |     9 |     4 |    11 |     7 ||    31
       Distracted        |       |       |     2 |     7 ||     9
       Confused          |       |       |       |     1 ||     1
  Eat: Chunk             |     1 |     4 |    14 |     7 ||    26
       Ration            |       |       |       |     1 ||     1
Armor: Robe              |    83 |    74 |     4 |       ||   161
       Troll leather arm |       |       |   200 |   106 ||   306
Dodge: Dodged            |   156 |   114 |   333 |   161 ||   764
Block: Shield            |       |       |   106 |   128 ||   234
